cohdb
Replays
Latest Replays
All Replays
Popular Replays
Top Player Replays
Match Explorer
How It Works
Community
CoH3 Stats
Reddit
Sign in to upload your games and track your stats! →
Sign in with Steam
Match 43766247
Unlisted
Match 43766247
Overview
Messages
Build Orders
End
Selects Advanced Infantry Battlegroup
Construct Barracks
Riflemen Squad
Riflemen Squad
Riflemen Squad
Grenade Package
Infantry Support Center
Riflemen Squad
Construct Weapon Support Center
Selects Convert to Ranger Squad
Convert to Ranger Squad
Selects Frontline Medical Station
Construct Motor Pool
Rosiema
Herogus3xD
anioki
iiruoz
Frühstück
Fish
油菜花
nre_nuker
0
0
Comments
sign in to comment!
No comments posted yet!